Map: Automaton LE

Players

Cham - Winner!

  • Race: Zerg Zerg
  • League: Master
  • Spawn Location: 3:00

Astrea

  • Race: Protoss Protoss
  • League: Grandmaster
  • Spawn Location: 9:00

Event: 2019 WCS Winter Americas

VOD

Have the link to the VOD?

Description

Time

  • Played on: April 6, 2019, 11:43 a.m.
  • Length: 13:33

All games in this series

Show
View Real Time Build Order
Export as new Build Order

Cham Zerg - Winner!

Build Orders: Hatch First 

Get SALT Encoding   

  12  0:00  Drone  
  13  0:08  Drone  
  14  0:17  Overlord  
  14  0:35  Drone  
  14  0:36  Drone  
  16  0:48  Hatchery  
  15  0:52  Drone  
  16  0:57  Drone  
  16  0:59  Drone  
  18  1:12  Extractor  
  18  1:15  Spawning Pool  
  18  1:18  Drone  
  17  1:22  Drone  
  18  1:29  Drone  
  19  1:42  Overlord  
  19  1:54  Drone  
  20  2:00  Drone  
  21  2:04  Queen x2  
  21  2:05  Drone  
  26  2:12  Metabolic Boost  
  26  2:14  Drone  
  27  2:16  Drone  
  27  2:22  Drone  
  29  2:23  Drone  
  30  2:37  Hatchery  
  29  2:42  Drone  
  29  2:43  Drone  
  31  2:46  Queen  
  33  2:51  Overlord  
  33  2:55  Drone x2  
  35  3:01  Zergling x2  
  36  3:07  Overlord  
  36  3:10  Zergling x2  
  36  3:12  Zergling x4  
  39  3:14  Drone x2  
  39  3:15  Drone  
  39  3:19  Drone  
  43  3:20  Drone  
  43  3:23  Overlord  
  44  3:31  Zergling x4  
  46  3:35  Queen  
  46  3:36  Queen  
  46  3:40  Drone  
  51  3:44  Zergling x4  
  51  3:46  Drone x2  
  51  3:47  Drone  
  51  3:48  Drone  
  55  3:52  Drone  
  56  3:56  Drone x2  
  56  3:57  Drone  
  56  4:01  Drone  
  60  4:04  Drone x2  
  60  4:08  Lair  
  62  4:11  Overlord  
  62  4:15  Overlord  
  62  4:16  Drone  
  63  4:18  Extractor  
  63  4:19  Extractor  
  63  4:20  Extractor  
  63  4:21  Extractor, Overlord  
  59  4:29  Drone  
  59  4:30  Overlord  
  59  4:31  Drone  
  59  4:32  Drone x2  
  59  4:35  Drone x3, Overlord  
  59  4:37  Drone  
  64  4:44  Drone x3  
  64  4:45  Overlord  
  66  4:47  Drone  
  66  4:50  Drone  
  68  4:56  Drone x3  
  68  4:57  Drone, Evolution Chamber  
  68  4:59  Baneling Nest  
  70  5:00  Drone  
  70  5:04  Drone x3  
  72  5:07  Drone x2  
  74  5:16  Drone  
  74  5:17  Extractor  
  74  5:20  Hydralisk Den  
  73  5:21  Spire  
  73  5:25  Hatchery  
  72  5:28  Drone  
  72  5:29  Spore Crawler  
  72  5:30  Zerg Melee Weapons Level 1  
  72  5:34  Drone x2  
  72  5:35  Drone  
  74  5:37  Zergling x6  
  74  5:39  Zergling x2  
  74  5:40  Drone  
  74  5:42  Centrifical Hooks  
  79  5:54  Spore Crawler x2  
  79  5:55  Drone x2  
  79  6:00  Overlord x3  
  79  6:04  Drone x2  
  81  6:05  Grooved Spines  
  81  6:06  Hydralisk x2  
  81  6:08  Hydralisk  
  88  6:13  Overlord  
  88  6:14  Overlord x3  
  88  6:21  Hydralisk x2  
  88  6:23  Hydralisk  
  88  6:24  Spore Crawler  
  93  6:28  Overlord  
  93  6:29  Hydralisk  
  93  6:31  Hydralisk  
  97  6:34  Overlord  
  97  6:39  Drone  
  97  6:40  Drone, Hydralisk  
  97  6:42  Baneling x4  
  97  6:44  Overlord  
  97  6:46  Baneling  
  99  6:47  Baneling x3, Hydralisk  
  99  6:52  Drone x4  
  99  6:53  Drone  
  105  7:00  Drone x3  
  106  7:02  Drone  
  106  7:04  Drone  
  105  7:12  Drone x2  
  105  7:14  Drone x4  
  105  7:15  Drone x2  
  112  7:16  Muscular Augments  
  112  7:19  Pneumatized Carapace, Hydralisk  
  114  7:23  Hydralisk  
  114  7:24  Hydralisk  
  114  7:28  Hydralisk x2  
  122  7:30  Hydralisk  
  122  7:32  Hatchery  
  122  7:34  Overlord, Hydralisk  
  125  7:37  Hydralisk x2  
  125  7:41  Hydralisk x2  
  133  7:45  Hydralisk  
  133  7:46  Hydralisk  
  133  7:48  Zerg Melee Weapons Level 2  
  133  7:50  Overlord  
  137  7:51  Hydralisk  
  137  7:55  Drone, Hydralisk x2  
  137  7:57  Drone x2  
  140  7:59  Drone  
  141  8:07  Zergling x18  
  141  8:10  Zergling x6  
  141  8:12  Zergling x2  
  154  8:16  Zergling x2  
  155  8:23  Overlord  
  155  8:24  Zergling x14  
  162  8:27  Baneling x9  
  162  8:28  Baneling x9  
  162  8:30  Zergling x8  
  166  8:35  Zergling x4  
  168  8:41  Zergling x12  
  168  8:48  Baneling x8, Zergling x2  
  173  8:49  Zergling x16  
  180  8:55  Baneling  
  180  8:56  Baneling x8  
  180  8:58  Zergling x4  
  180  9:07  Zergling x4  
  180  9:08  Zergling x10  
  181  9:18  Baneling x9  
  181  9:21  Overlord x2  
  177  9:29  Overlord  
  177  9:36  Overlord  
  177  9:39  Overlord x3  
  177  9:40  Overlord  
  175  9:49  Zergling x18  
  175  9:50  Infestation Pit  
  183  9:54  Zergling x4  
  183  9:55  Zergling x4  
  183  9:56  Zergling x2  
  183  9:57  Zergling x6  
  183  9:59  Zergling x2  
  192  10:00  Zergling x2  
  192  10:05  Zergling x2  
  184  10:09  Zergling x2  
  184  10:10  Zergling x6  
  184  10:12  Baneling x9  
  184  10:13  Zergling x12  
  184  10:17  Drone x2  
  184  10:18  Extractor  
  184  10:19  Extractor  
  184  10:26  Zergling x6  
  184  10:27  Zergling x2  
  184  10:28  Hive, Drone  
  188  10:29  Drone x2  
  188  10:30  Drone x2, Spire  
  192  10:37  Zergling x2  
  192  10:38  Zergling x12  
  195  10:47  Zergling x16  
  195  10:49  Baneling x14  
  196  10:50  Baneling x4  
  196  10:54  Zergling x4  
  198  10:59  Baneling  
  198  11:00  Baneling x5, Zergling x4  
  198  11:01  Zergling x2  
  198  11:03  Zergling x2  
  199  11:12  Baneling x9  
  199  11:13  Baneling x2, Zergling x14  
  199  11:14  Zergling x2  
  199  11:16  Zergling x2  
  199  11:17  Zergling x2  
  186  11:26  Zergling x12  
  186  11:32  Zergling x2  
  167  11:33  Zergling x10  
  163  11:41  Corruptor  
  163  11:42  Corruptor, Zergling x4  
  163  11:44  Zergling x2  
  163  11:50  Greater Spire  
  163  11:52  Corruptor x2  
  163  11:53  Zergling x2  
  161  11:56  Hydralisk x3  
  161  11:57  Zergling x4  
  161  11:58  Zergling x2  
  161  12:00  Zergling x2  
  170  12:03  Corruptor  
  171  12:08  Infestor x2  
  171  12:10  Drone  
  171  12:12  Baneling x14  
  171  12:13  Baneling  
  173  12:16  Drone  
  173  12:17  Drone x3  
  177  12:25  Pathogen Glands  
  177  12:28  Zergling x14  
  184  12:30  Baneling x3  
  184  12:31  Zergling x14  
  184  12:35  Corruptor  
  188  12:44  Corruptor x2  
  188  12:49  Corruptor x2  
  188  12:50  Zergling x4  
  188  12:51  Corruptor, Zergling x4  
  197  12:55  Zergling x2  
  197  12:57  Baneling x7  
  197  12:58  Baneling x2, Zergling x2  
  199  13:02  Extractor x2  
  199  13:04  Spine Crawler, Spore Crawler  
  196  13:05  Spine Crawler x2  
  196  13:06  Baneling x7, Spine Crawler  
  196  13:08  Zergling x10  
  196  13:09  Zergling x4  
Show
View Real Time Build Order
Export as new Build Order

Astrea Protoss 

Build Orders:  

Get SALT Encoding   

  12  0:00  Probe  
  13  0:12  Probe  
  14  0:19  Pylon  
  14  0:24  Probe  
  15  0:33  Probe  
  15  0:41  Probe  
  17  0:52  Probe  
  18  1:06  Probe  
  18  1:08  Nexus  
  19  1:16  Probe  
  19  1:17  Gateway  
  19  1:24  Probe  
  20  1:26  Assimilator  
  21  1:33  Assimilator  
  21  1:34  Probe  
  22  1:43  Pylon  
  22  1:46  Probe  
  23  2:01  Probe  
  24  2:04  Cybernetics Core  
  24  2:06  Zealot  
  26  2:13  Probe  
  27  2:16  Probe  
  28  2:24  Probe  
  28  2:25  Probe  
  30  2:34  Probe  
  31  2:37  Stalker, Probe  
  32  2:44  Stargate  
  32  2:46  Probe  
  32  2:49  Warp Gate, Probe  
  36  2:58  Probe  
  37  3:01  Probe  
  38  3:10  Probe  
  41  3:13  Probe  
  41  3:15  Pylon  
  42  3:22  Probe  
  42  3:25  Probe  
  44  3:34  Probe  
  44  3:35  Pylon, Void Ray  
  44  3:37  Probe  
  43  3:48  Probe  
  46  3:50  Pylon  
  46  3:51  Pylon  
  46  3:53  Probe  
  46  3:54  Sentry  
  49  3:56  Robotics Facility  
  49  3:58  Assimilator  
  49  4:00  Probe  
  49  4:02  Assimilator  
  50  4:06  Probe  
  50  4:07  Pylon  
  50  4:09  Forge, Void Ray  
  51  4:12  Probe  
  51  4:13  Pylon  
  52  4:18  Probe  
  57  4:30  Probe x2  
  59  4:39  Pylon  
  59  4:42  Probe  
  59  4:43  Protoss Ground Weapons Level 1, Probe  
  61  4:48  Stalker  
  63  4:55  Probe  
  63  4:59  Warp Prism  
  64  5:04  Probe  
  68  5:07  Probe  
  68  5:13  Pylon  
  68  5:15  Pylon  
  68  5:16  Probe  
  68  5:19  Probe  
  70  5:23  Robotics Bay, Nexus  
  70  5:24  Pylon  
  70  5:25  Pylon  
  70  5:31  Probe  
  70  5:32  Sentry  
  73  5:36  Observer  
  73  5:37  Probe  
  75  5:43  Twilight Council, Probe  
  75  5:46  Gateway x2  
  75  5:49  Probe  
  77  5:55  Probe  
  78  6:02  Probe  
  78  6:03  Phoenix  
  81  6:06  Colossus  
  81  6:07  Probe  
  82  6:12  Adept  
  82  6:14  Probe  
  91  6:18  Blink  
  91  6:19  Probe  
  91  6:25  Photon Cannon  
  92  6:26  Probe  
  92  6:28  Assimilator  
  92  6:29  Phoenix  
  95  6:32  Assimilator  
  95  6:36  Pylon  
  95  6:40  Probe, Adept  
  95  6:41  Probe x2  
  100  6:47  Colossus  
  100  6:56  Probe  
  100  6:59  Photon Cannon  
  100  7:00  Photon Cannon  
  96  7:02  Shield Battery  
  96  7:03  Shield Battery  
  96  7:06  Pylon  
  99  7:11  Sentry x2, Zealot  
  103  7:19  Gateway  
  103  7:22  Gateway  
  103  7:24  Photon Cannon, Probe  
  103  7:25  Extended Thermal Lance  
  103  7:26  Gateway  
  104  7:32  Adept  
  104  7:34  Adept x2  
  104  7:36  Colossus  
  116  8:00  Stalker, Protoss Ground Weapons Level 2  
  116  8:01  Stalker x2  
  122  8:06  Gateway  
  122  8:09  Gateway  
  122  8:13  Charge  
  122  8:14  Pylon  
  122  8:15  Pylon  
  122  8:20  Void Ray  
  122  8:27  Pylon  
  122  8:33  Stalker x2  
  122  8:34  Stalker x4  
  138  8:46  Colossus, Protoss Air Weapons Level 1  
  138  8:47  Nexus  
  144  8:54  Observer  
  144  9:07  Stalker x6  
  156  9:31  Pylon  
  156  9:32  Pylon x2  
  156  9:34  Pylon  
  156  9:35  Photon Cannon  
  156  9:36  Void Ray  
  150  9:49  Templar Archives  
  150  9:50  Zealot x3  
  150  9:51  Zealot x5  
  166  9:58  Colossus  
  156  10:12  Protoss Ground Weapons Level 3  
  156  10:19  Psionic Storm  
  156  10:24  Photon Cannon  
  156  10:25  Photon Cannon  
  156  10:26  Zealot, High Templar x2  
  156  10:27  Zealot x5  
  172  10:31  Archon  
  171  10:46  Probe x3  
  167  10:58  High Templar x3  
  167  10:59  Zealot x5  
  183  11:05  Probe  
  183  11:06  Probe x2  
  183  11:07  Assimilator  
  183  11:09  Assimilator  
  183  11:10  Void Ray  
  190  11:24  Archon  
  144  11:36  High Templar x2  
  144  11:38  Zealot x4  
  144  11:39  Zealot x2  
  114  11:49  Archon  
  114  11:53  Colossus  
  92  12:00  Zealot x4  
  92  12:01  Zealot x2  
  96  12:15  High Templar x2  
  98  12:20  Nexus  
  98  12:24  Stalker x3  
  98  12:25  Zealot x3  
  110  12:30  Pylon  
  110  12:31  Pylon  
  95  12:52  Stalker x6  
  102  12:59  High Templar  
  102  13:01  Zealot  
  106  13:15  Archon  
Tags
 
Add a new tag
Caveats
  • Supply blocks, unpowered buildings, or Contaminate may cause inaccurate times.
  • Supply counts are checked every 10 seconds.